 Dungeon Crawl Stone Soup version 0.32-a0-837-g8d3e27d251 (webtiles) character file.

Game seed: 3400226255906154627

24 Essalna the Firebug (level 2, -1/21 HPs)
             Began as a Demonspawn Fire Elementalist on Mar 26, 2024.
             Slain by a hobgoblin (4 damage)
             ... on level 2 of the Dungeon.
             The game lasted 00:01:48 (1309 turns).

Essalna the Firebug (Demonspawn Fire Elementalist)  Turns: 1309, Time: 00:01:48

Health: -1/21      AC:  8    Str:  8    XL:     2   Next: 79%
Magic:  3/5        EV: 11    Int: 15    God:
Gold:   42         SH:  0    Dex: 13    Spells: 4/5 levels left

rFire   . . .        (no weapon)
rCold   . . .        (no shield)
rNeg    . . .        a - +0 robe
rPois   .            (no helmet)
rElec   .            (no cloak)
rCorr   .            (no gloves)
SInv    .            (no boots)
Will    .....        (no amulet)
Stlth   ++           (no ring)
HPRegen 0.23/turn    (no ring)
MPRegen 0.09/turn

%: no passive effects
@: sanguine armoured
A: sanguine armour 1
a: no special abilities


You were on level 2 of the Dungeon.
You visited 1 branch of the dungeon, and saw 2 of its levels.

You collected 42 gold pieces.

Inventory:

Armour
 a - a +0 robe (worn)
Scrolls
 c - a scroll of blinking {unknown}
 d - a scroll of torment {unknown}
 e - a scroll of enchant armour {unknown}
Potions
 b - a potion of magic


   Skills:
 + Level 1.0 Fighting
 - Level 1.7 Dodging
 - Level 1.7 Stealth
 + Level 2.3 Spellcasting
 + Level 1.6 Conjurations
 + Level 3.0 Fire Magic


You had 4 spell levels left.
You knew the following spells:

 Your Spells              Type           Power      Damage    Failure   Level
a - Foxfire               Conj/Fire      32%        2x1d5     9%          1

Your spell library contained the following spells:

 Spells                   Type           Power      Damage    Failure   Level
 Scorch                   Fire           20%        2d5       10%         2
 Inner Flame              Hex/Fire       6%         N/A       34%         3
 Volatile Blastmotes      Fire/Tloc      12%        2d11      34%         3
 Flame Wave               Conj/Fire      8%         2d5       63%         4
 Alistair's Intoxication  Alch           0%         N/A       99%         5
 Borgnjor's Vile Clutch   Necr/Erth      0%         N/A       99%         5
 Eringya's Noxious Bog    Alch           0%         4d6       100%        6


Dungeon Overview and Level Annotations

Branches:
Dungeon (2/15)

Altars:


Innate Abilities, Weirdness & Mutations

When seriously injured, your blood forms armour. (AC +6)


Message History

You closely miss the hobgoblin.
The jackal bites you but does no damage.
The hobgoblin barely misses you. The jackal completely misses you.
You hit the hobgoblin but do no damage.
The jackal bites you but does no damage. x2
The hobgoblin barely misses you. The jackal closely misses you.
You hit the hobgoblin.
The hobgoblin is moderately wounded.
A jackal comes into view.
The jackal barely misses you. The hobgoblin misses you. The jackal bites you.
The jackal misses you.
The jackal barks!
You hit the hobgoblin but do no damage.
The hobgoblin is moderately wounded.
The jackal bites you.
The jackal bites you but does no damage.
The hobgoblin hits you but does no damage.
You hit the hobgoblin but do no damage.
The hobgoblin is moderately wounded.
The jackal barely misses you.
The jackal bites you but does no damage.
The hobgoblin completely misses you. The jackal bites you.
The jackal closely misses you.
You hit the hobgoblin but do no damage.
The hobgoblin is moderately wounded.
The jackal bites you but does no damage.
The hobgoblin hits you but does no damage.
The jackal bites you.
* * * LOW HITPOINT WARNING * * *
You hit the hobgoblin but do no damage.
The hobgoblin is moderately wounded.
The jackal bites you but does no damage.
The jackal misses you. The hobgoblin hits you.
* * * LOW HITPOINT WARNING * * *
The jackal bites you.
* * * LOW HITPOINT WARNING * * *
You hit the hobgoblin but do no damage.
The hobgoblin is moderately wounded.
The jackal closely misses you. The hobgoblin hits you.
You die...

#...(........#
#...<...#
#.......#
##.....## .
##..>..## ..
#.......# b..
#.......# ....
#.hhh...## .....
##.@.....#.
......###g.......
#....g.)###....#
####.r### ###..
##. .. #. ##


You could see 3 jackals and a hobgoblin.

Vanquished Creatures
  4 ball pythons (D:1)
  2 bats (D:1)
  2 endoplasms (D:1)
  A giant cockroach (D:2)
  2 goblins (D:1)
  A hobgoblin (D:1)
  2 quokkas (D:1)
  A frilled lizard (D:1)
  2 kobolds
  4 rats
21 creatures vanquished.

Vanquished Creatures (others)
  61 foxfires
61 creatures vanquished.

Grand Total: 82 creatures vanquished

Notes
Turn   | Place    | Note
-------+----------+-------------------------------------------
     0 | D:1      | Essalna the Demonspawn Fire Elementalist began the quest
                  | for the Orb.
     0 | D:1      | Reached XP level 1. HP: 13/13 MP: 3/3
   344 | D:1      | Gained mutation: When seriously injured, your blood forms
                  | armour. (AC +6) [demonic ancestry]
   344 | D:1      | Reached XP level 2. HP: 20/20 MP: 1/5
  1034 | D:1      | Reached skill level 3 in Fire Magic
  1215 | D:2      | Found a faded altar of an unknown god.
  1276 | D:2      | Reached skill level 1 in Fighting
  1309 | D:2      | Slain by a hobgoblin

Illustrated notes

Levels and vault maps discovered:
D:1:      minmay_arrival_glassed_features, layout_loops_ring,
          chequers_serial_rivers_large_b, hangedman_abyss_or_decor_stabs,
          minivault_19
D:2:      layout_rooms, nicolae_ecumenical_oubliette, kennysheep_pointless_box,
          kennysheep_boxes

Skill      XL: |  1  2 |
---------------+-------+-----
Fire Magic     | 3 |  3.0
Fighting       | 1 |  1.0
Dodging        | |  1.7
Stealth        | |  1.7
Spellcasting   | |  2.3
Conjurations   | |  1.6

Action                     || total
---------------------------++-------
  Melee: Unarmed           ||    83
         Punch             ||     1
   Cast: Foxfire           ||    42
 Armour: Robe              ||    75
  Dodge: Dodged            ||    77

Table legend: (Time is in decaauts)
 A = Elapsed time spent in this place.
 B = Non-inter-level travel time spent in this place.
 C = Inter-level travel time spent in this place.
 D = Time resting spent in this place.
 E = Time spent auto-exploring this place.
 F = Levels seen in this place.
 G = Mean time per level.
                   A        B        C        D        E       F      G
               +--------+--------+--------+--------+--------+-----+--------+
         Total |   1336 |   1293 |     43 |      0 |   1084 |   2 |  668.0 |
       Dungeon |   1336 |   1293 |     43 |      0 |   1084 |   2 |  668.0 |
               +--------+--------+--------+--------+--------+-----+--------+

Top non-repeatable levels by time:
     D:1: 1280 daAuts
     D:2: 56 daAuts
